 Dungeon Crawl Stone Soup version 0.29.0-11-gd7f09526c8 (webtiles) character file.

Game seed: 5451943429354462254

83 LustLizard the Ruffian (level 4, -3/44 HPs)
             Began as a Troll Fighter on Sept 5, 2022.
             Killed by divine providence
             ... invoked by an orc priest
              (16 damage)
             ... on level 4 of the Dungeon.
             The game lasted 00:01:57 (1262 turns).

LustLizard the Ruffian (Troll Fighter)              Turns: 1262, Time: 00:01:58

Health: -3/44      AC:  4    Str: 24    XL:     4   Next: 22%
Magic:  3/3        EV:  8    Int: 12    God:
Gold:   81         SH:  7    Dex:  9    Spells: 3/3 levels left

rFire   . . .      SeeInvis .     - Unarmed
rCold   + . .      Faith    .   b - +0 kite shield
rNeg    . . .      Spirit   .   a - +0 robe
rPois   .          Reflect  .   (helmet restricted)
rElec   .          Harm     .   (no cloak)
rCorr   .          Rampage  .   (gloves unavailable)
Will    .....                   (boots unavailable)
Stlth   +.........              (no amulet)
HPRegen 0.94/turn               e - +6 ring of intelligence
MPRegen 0.08/turn               h - ring of protection from cold

@: lethally poisoned (-3 -> -3)
A: large, unfitting armour, claws 3, regeneration 1, shaggy fur 1, tough skin 1
a: no special abilities


You were on level 4 of the Dungeon.
You visited 1 branch of the dungeon, and saw 3 of its levels.

You collected 81 gold pieces.

Inventory:

Armour
 a - a +0 robe (worn)
 b - a +0 kite shield (worn)
Jewellery
 e - a +6 ring of intelligence (left claw)
 h - a ring of protection from cold (right claw)
Scrolls
 d - a scroll of poison {unknown}
 f - a scroll of magic mapping {unknown}
 i - a scroll of torment {unknown}
 j - a scroll of teleportation {unknown}
Potions
 c - a potion of might
 g - a potion of resistance {unknown}


   Skills:
 + Level 2.9 Fighting
 - Level 2.4 Dodging
 + Level 3.2 Shields
 * Level 3.5 Unarmed Combat


You had 3 spell levels left.
You didn't know any spells.
Your spell library contained the following spells:

 Spells                   Type           Power      Damage    Failure   Level
 Beastly Appendage        Tmut           0%         N/A       61%         1
 Wereblood                Tmut           0%         N/A       75%         2
 Spider Form              Tmut/Pois      0%         N/A       93%         3


Dungeon Overview and Level Annotations

Branches:
Dungeon (2/15)

Altars:


Innate Abilities, Weirdness & Mutations

You are too large for most types of armour.
You have claws for hands.
Your natural rate of healing is unusually fast.
You are covered in fur. (AC +1)
You have tough skin. (AC +1)


Message History

The giant cockroach barely misses you. The giant cockroach closely misses you.
You scratch the giant cockroach.
You kill the giant cockroach!
An orc priest comes into view. It is wielding a +0 short sword.
The scorpion stings you.
You are poisoned.
The scorpion poisons you!
The orc priest shouts!
You scratch the scorpion but do no damage.
You feel very sick.
An orc comes into view. It is wielding a +0 hand axe.
The orc throws a stone.
You block the stone. You block the scorpion's attack.
You closely miss the scorpion.
You feel sick. The scorpion stings you.
You are more poisoned.
The scorpion poisons you!
An orc wizard comes into view. It is wielding a +0 dagger.
You closely miss the scorpion.
You feel very sick.
The orc wizard shouts!
The scorpion stings you but does no damage.
An orc comes into view. It is wielding a +0 club.
You block the scorpion's attack.
You scratch the scorpion.
The scorpion is lightly wounded.
You feel very sick. You block the orc's attack.
You block the scorpion's attack.
You scratch the scorpion.
The scorpion is lightly wounded.
You feel very sick. The orc hits you with a +0 short sword.
The scorpion barely misses you.
You claw the scorpion!
The scorpion is almost dead.
You feel sick. The scorpion stings you. The orc hits you with a +0 short sword.
The scorpion barely misses you.
You scratch the scorpion but do no damage.
The scorpion is almost dead.
You feel sick.
The orc priest invokes the aid of Beogh against you.
Beogh smites you!
You die...

..... #....... ## .
....#####......##.#..
. #....#..............
..#.........#.........
#..........#.........
#......o†...........
##......o.##........
####so...####..##..
#@.o.†...# ..#
#o...##......#
.....#### ..#...#
......# .## ...
##....# .# ..# ##....
###.. ###


You could see a scorpion, an orc priest, an orc wizard and 3 orcs.

Vanquished Creatures
  A howler monkey (D:4)
  A worm (D:2)
  A bat (D:1)
  3 giant cockroaches
  7 goblins
  4 hobgoblins
  4 jackals (D:2)
  A quokka (D:1)
  6 ball pythons
  2 frilled lizards (D:1)
  5 kobolds
35 creatures vanquished.

Notes
Turn   | Place    | Note
-------+----------+-------------------------------------------
     0 | D:1      | LustLizard the Troll Fighter began the quest for the Orb.
     0 | D:1      | Reached XP level 1. HP: 22/22 MP: 0/0
   159 | D:1      | Reached XP level 2. HP: 29/29 MP: 1/1
   428 | D:1      | Found a faded altar of an unknown god.
   909 | D:2      | Identified the +1 leather armour of the Spheres {+Blink
                  | Str+2 Int-2 Stlth+}
  1015 | D:2      | Reached XP level 3. HP: 28/36 MP: 2/2
  1211 | D:2      | You fall into a shaft and drop 2 floors!
  1230 | D:4      | Reached XP level 4. HP: 26/44 MP: 3/3
  1247 | D:4      | Noticed a scorpion
  1262 | D:4      | Killed from afar by an orc priest

Illustrated notes

Levels and vault maps discovered:
D:1:      tarquinn_simple_flora_water_b, layout_basic,
          shapermc_ecumenical_altar_petra
D:2:      layout_basic
D:4:      layout_cave_pools, zin_scriptorium, serial_demonic, serial_demonic_b,
          serial_demonic_c, serial_demonic_d, serial_demonic_f,
          kennysheep_diamond, uniq_duvessa, uniq_blork_the_orc

Skill      XL: |  1  2  3 |
---------------+----------+-----
Shields        | 3 |  3.2
Unarmed Combat | 3 |  3.5
Fighting       | |  2.9
Dodging        | |  2.4

Action                   |  1- 3 |  4- 6 || total
-------------------------+-------+-------++-------
Melee: Unarmed           |   108 |    16 ||   124
Armor: Robe              |    23 |     6 ||    29
Dodge: Dodged            |    44 |     4 ||    48
Block: Kite shield       |    35 |    11 ||    46
